 Dungeon Crawl Stone Soup version 0.29.0-11-gd7f09526c8 (webtiles) character file.

Game seed: 2018120525996984768

908 PyroL the Chiller (level 7, -7/60 HPs)
             Began as a Red Draconian Ice Elementalist on Sept 5, 2022.
             Mangled by a yak (8 damage)
             ... on level 5 of the Dungeon.
             The game lasted 00:15:50 (6913 turns).

PyroL the Chiller (Red Draconian Ice Elementalist)  Turns: 6913, Time: 00:15:51

Health: -7/60      AC: 12    Str: 10    XL:     7   Next: 81%
Magic:  14/14      EV: 12    Int: 17    God:
Gold:   299        SH:  0    Dex: 12    Spells: 9/16 levels left

rFire   + . .      SeeInvis .   b - staff of conjuration
rCold   . . .      Faith    .   (no shield)
rNeg    . . .      Spirit   .   (body armour unavailable)
rPois   .          Reflect  +   (helmet restricted)
rElec   .          Harm     .   (no cloak)
rCorr   .          Rampage  .   (no gloves)
Will    .....                   (no boots)
Stlth   +.........              t - amulet of reflection
HPRegen 0.20/turn               (no ring)
MPRegen 0.14/turn               (no ring)

@: confused, ice-armoured, short of breath, ambrosia-drunk, freezing walls,
hasted, very quick
A: breathe fire, AC +6, unfitting armour, fire resistance 1, cold-blooded
a: Breathe Fire


You were on level 5 of the Dungeon.
You visited 1 branch of the dungeon, and saw 5 of its levels.

You collected 299 gold pieces.

Inventory:

Missiles
 v - 3 throwing nets
Magical Staves
 b - a staff of conjuration (weapon)
Jewellery
 t - an amulet of reflection (around neck)
Wands
 q - a wand of charming (28)
Scrolls
 c - 2 scrolls of vulnerability {unknown}
 f - a scroll of teleportation
 g - a scroll of torment {unknown}
 h - 2 scrolls of noise {unknown}
 l - a scroll of enchant armour
 m - 2 scrolls of amnesia {unknown}
 n - a scroll of poison
 o - a scroll of summoning {unknown}
 r - a scroll of magic mapping {unknown}
 u - 2 scrolls of fear {unknown}
 w - a scroll of identify
Potions
 a - 2 potions of magic
 d - a potion of ambrosia
 e - a potion of heal wounds {unknown}
 i - a potion of haste
 j - a potion of cancellation {unknown}
 k - 3 potions of brilliance
 p - a potion of berserk rage {unknown}
 s - a potion of degeneration {unknown}
 x - a potion of curing {unknown}
 z - a potion of attraction {unknown}


   Skills:
 + Level 4.8 Fighting
 - Level 1.4 Staves
 - Level 1.7 Dodging
 - Level 1.7 Stealth
 - Level 5.0 Spellcasting
 - Level 5.5 Ice Magic


You had 9 spell levels left.
You knew the following spells:

 Your Spells              Type           Power      Damage    Failure   Level
a - Freeze                Ice            92%        1d10      1%          1
b - Ozocubu's Armour      Ice            23%        N/A       4%          3
c - Frozen Ramparts       Ice            46%        1d7       4%          3

Your spell library contained the following spells:

 Spells                   Type           Power      Damage    Failure   Level
 Shock                    Conj/Air       24%        1d4       14%         1
 Swiftness                Air            4%         N/A       38%         3
 Hailstorm                Conj/Ice       20%        3d6       41%         4
 Airstrike                Air            2%         2d(1-17)  80%         4
 Ozocubu's Refrigeration  Ice            11%        4d10      100%        7


Dungeon Overview and Level Annotations

Branches:
Dungeon (5/15)
 Temple: D:4-7

Altars:
Qazlal
Wu Jian
Yredelemnul

Annotations:
D:4 1 runed translucent door


Innate Abilities, Weirdness & Mutations

You can breathe blasts of fire.
Your fiery red scales are hard. (AC +6)
You cannot fit into any form of body armour.
Your flesh is heat resistant. (rF+)
You are cold-blooded and may be slowed by cold attacks.


Message History

The wall freezes something but does no damage.
Something hits you.
* * * LOW HITPOINT WARNING * * *
The wall freezes something.
Something hits you but does no damage.
Unknown command.
Aiming: Breathe Fire (5% risk of failure)
Press: ? - help, Shift-Dir - straight line, f/p - yak
Aim: a yak (lightly wounded, charmed, friendly, 81% to hit)
Really fire at your yak?
You breathe a blast of fire.
The fiery breath hits your yak!
Your yak is heavily wounded.
The yak is no longer charmed.
The wall freezes something.
Something hits you.
* * * LOW HITPOINT WARNING * * *
The wall freezes something.
Something hits you but does no damage.
The wall freezes the yak but does no damage.
The yak misses you.
The wall freezes something.
Something hits you.
* * * LOW HITPOINT WARNING * * *
Casting: Frozen Ramparts (dangerous; 4% risk of failure)
Confirm with . or Enter, or press ? or * to list all spells.
Okay, then.
It was a potion of ambrosia.
You are confused.
You feel invigorated.
The wall freezes something.
Something hits you but does no damage.
The wall freezes something.
Something hits you.
* * * LOW HITPOINT WARNING * * *
The wall freezes the yak.
The yak gores you.
* * * LOW HITPOINT WARNING * * *
The wall freezes something.
Something hits you.
* * * LOW HITPOINT WARNING * * *
Okay, then.
It was a potion of haste.
You feel yourself speed up.
The wall freezes something but does no damage.
Something hits you!
* * * LOW HITPOINT WARNING * * *
The wall freezes something but does no damage.
Something hits you.
* * * LOW HITPOINT WARNING * * *
The wall freezes the yak.
The yak gores you!
You die...

...#......##.#.# #.....#....
.........###.#.# #.....#....
.............#.##################
#.###.....##.#...................
..##..#....#.#.......[..........)
#.##..#..#...####################
#.##.##..#...###......#.....#....
#.##.##........#......#.....#.)..
#.##.###.#.#...#@###..#..#..#..#.
#.##.......#...#[Y!#..#..#.÷#..#.
..##.#.###.#...#.:§#.....#.....#.
#.##.#.# #.....#$$)#.....#.....#.
~..P.#.# ###.#.##################
~.~..#.# #..............#
~~~.##.# #.#.#...#.#...##
~~.....## ##.#.#...#.#...#####
~~~.....# #........#.........####


You could see a yak.

Vanquished Creatures
  Blork the orc (D:5)
  A necrophage (D:4)
  A wight (D:5)
  A jelly (D:5)
  4 hounds
  A quasit (D:5)
  A human zombie (D:4)
  A gnoll bouda (D:5)
  Jessica (D:3)
  Terence (D:3)
  6 iguanas (D:5)
  An orc wizard (D:5)
  Robin (D:4)
  7 adders
  3 gnolls (D:5)
  2 shadow imps (D:5)
  3 white imps (D:5)
  An ufetubus (D:5)
  A worm (D:2)
  3 dart slugs
  2 orcs (D:5)
  9 ball pythons
  6 endoplasms
  3 giant cockroaches
  14 goblins
  8 hobgoblins
  7 jackals
  5 kobolds
  2 quokkas
  4 bats
  2 frilled lizards (D:3)
  7 rats
110 creatures vanquished.

Vanquished Creatures (others)
  A rat (D:1)
  A demonic plant (D:5)
  8 plants (D:4)
10 creatures vanquished.

Grand Total: 120 creatures vanquished

Notes
Turn   | Place    | Note
-------+----------+-------------------------------------------
     0 | D:1      | PyroL the Draconian Ice Elementalist began the quest for
                  | the Orb.
     0 | D:1      | Reached XP level 1. HP: 14/14 MP: 3/3
   187 | D:1      | Found a faded altar of an unknown god.
   243 | D:1      | Reached XP level 2. HP: 20/20 MP: 1/5
  1065 | D:2      | Reached XP level 3. HP: 8/26 MP: 2/6
  1093 | D:2      | Learned a level 3 spell: Ozocubu's Armour
  2089 | D:2      | Learned a level 3 spell: Frozen Ramparts
  2119 | D:3      | Noticed an air elemental
  2221 | D:3      | Noticed Jessica
  2224 | D:3      | Killed Jessica
  2225 | D:3      | Reached skill level 5 in Ice Magic
  2225 | D:3      | Reached XP level 4. HP: 20/33 MP: 6/8
  2503 | D:3      | Reached skill level 1 in Staves
  2674 | D:3      | Noticed Terence
  2708 | D:3      | Killed Terence
  3009 | D:3      | Found a stormy altar of Qazlal.
  3011 | D:3      | Noticed an earth elemental
  3011 | D:3      | Noticed a fire elemental
  3011 | D:3      | Noticed a water elemental
  3216 | D:4      | Noticed a necrophage
  3230 | D:4      | Killed a necrophage
  3231 | D:4      | Reached XP level 5. HP: 32/39 MP: 3/10
  3310 | D:4      | Noticed Robin
  3363 | D:4      | Killed Robin
  3692 | D:4      | Reached XP level 6. HP: 34/46 MP: 7/12
  3944 | D:4      | Found a runed translucent door.
  3944 | D:4      | Noticed a human
  4168 | D:4      | Found a basalt altar of Yredelemnul.
  4408 | D:5      | Entered Level 5 of the Dungeon
  4873 | D:5      | Noticed Blork the orc
  4889 | D:5      | HP: 2/46 [Blork the orc/puff of frost (2)]
  5668 | D:5      | Killed Blork the orc
  5952 | D:5      | Your scales start taking on a fiery red colour.
  5952 | D:5      | Reduced skill Ice Magic to level 5
  5952 | D:5      | Reached XP level 7. HP: 46/51 MP: 11/14
  5952 | D:5      | Gained mutation: Your flesh is heat resistant. (rF+) [Red
                  | Draconian growth]
  6104 | D:5      | Reached skill level 5 in Spellcasting
  6304 | D:5      | Reached skill level 1 in Fighting
  6429 | D:5      | Found an ornate altar of the Wu Jian Council.
  6907 | D:5      | Noticed a yak
  6913 | D:5      | HP: 1/60 [something (6)]
  6913 | D:5      | Mangled by a yak

Illustrated notes

Levels and vault maps discovered:
D:1:      spicycebolla_green_bress_n_ham, layout_basic,
          shapermc_ecumenical_altar_mp_highgroup, lemuel_old_faithful
D:2:      layout_loops_cross, serial_park_tiny_pond
D:3:      layout_basic, nicolae_qazlal_style_of_elements, uniq_terence,
          uniq_jessica
D:4:      layout_loops_ring, dk_yredelemnul_ordeal, guppyfry_early_lair_pool,
          uniq_robin
D:5:      kennysheep_windowed_halls, layout_basic, mainiacjoe_overflow_alcove_4,
          serial_demonic, serial_demonic_d, serial_demonic_a, serial_demonic_f,
          serial_demonic_c, uniq_blork_the_orc

Skill      XL: |  1  2  3  4  5  6  7 |
---------------+----------------------+-----
Spellcasting   | 3 4 5 |  5.0
Ice Magic      | 5 5 |  5.5
Staves         | 1 |  1.4
Fighting       | 4 |  4.8
Dodging        | |  1.7
Stealth        | |  1.7

Action                   |  1- 3 |  4- 6 |  7- 9 || total
-------------------------+-------+-------+-------++-------
Melee: Staff             |    62 |   226 |    75 ||   363
       Tailslap          |     8 |    30 |     8 ||    46
       Punch             |     2 |     1 |       ||     3
 Cast: Freeze            |    43 |    18 |    11 ||    72
       Ozocubu's Armour  |     1 |    11 |     5 ||    17
       Frozen Ramparts   |       |    13 |     7 ||    20
 Abil: Breathe Fire      |       |       |     6 ||     6
Evoke: Wand              |       |       |     1 ||     1
  Use: Scroll            |       |     4 |       ||     4
       Potion            |       |       |     2 ||     2
 Stab: Sleeping          |     5 |     5 |     1 ||    11
Armor: Skin              |    30 |    79 |    33 ||   142
Dodge: Dodged            |    60 |   168 |    50 ||   278
Block: Other             |       |    24 |    25 ||    49
